 Dungeon Crawl Stone Soup version 0.30-a0-847-g17996783a1 (webtiles) character file.

Game seed: 978633524438406768

182 dolemite99 the Stinger (level 5, -2/37 HPs)
             Began as a Gnoll Venom Mage on Mar 4, 2023.
             Was a Follower of the Shining One.
             Splashed by a jelly's acid (6 damage)
             ... on level 3 of the Dungeon.
             The game lasted 00:05:02 (4930 turns).

dolemite99 the Stinger (Gnoll Venom Mage)           Turns: 4930, Time: 00:05:02

Health: -2/37      AC: -4    Str:  7    XL:     5   Next: 61%
Magic:  7/12       EV: 13    Int: 17    God:    the Shining One [*.....]
Gold:   139        SH:  0    Dex: 12    Spells: 11/14 levels left

rFire   . . .      SeeInvis .    a - +0 war axe
rCold   . . .      Faith    .    (no shield)
rNeg    . . .      Spirit   .    n - +0 robe
rPois   .          Reflect  .    (no helmet)
rElec   .          Rampage  .    (no cloak)
rCorr   .                        j - +0 pair of gloves
Will    .....                    (no boots)
Stlth   +                        (no amulet)
HPRegen 0.26/turn                (no ring)
MPRegen 0.13/turn                (no ring)

@: corroded, glowing
A: fangs 1, strong nose, distributed training
a: Renounce Religion, Divine Shield


You were on level 3 of the Dungeon.
You worshipped the Shining One.
The Shining One was aware of your devotion.
You visited 1 branch of the dungeon, and saw 4 of its levels.

You collected 139 gold pieces.

Inventory:

Hand Weapons
 a - a +0 war axe (weapon)
 c - a +1 dagger
Missiles
 q - 8 poisoned darts
 r - 2 throwing nets
Armour
 j - a +0 pair of gloves (worn)
 n - a +0 robe (worn)
Jewellery
 m - a +5 ring of evasion
Scrolls
 h - a scroll of fear
 i - a scroll of teleportation
Potions
 b - a potion of magic
 d - a potion of lignification {unknown}
 e - a potion of brilliance
 f - a potion of berserk rage {unknown}
 g - a potion of might {unknown}
 k - 2 potions of curing {unknown}
 l - 2 potions of cancellation


   Skills:
 + Level 1.6 Fighting
 + Level 1.6 Short Blades
 + Level 1.6 Long Blades
 + Level 1.6 Axes
 + Level 1.6 Maces & Flails
 + Level 1.6 Polearms
 + Level 1.6 Staves
 + Level 1.6 Ranged Weapons
 + Level 1.6 Throwing
 + Level 1.6 Armour
 + Level 4.8 Dodging
 + Level 4.4 Stealth
 + Level 1.6 Shields
 + Level 1.6 Unarmed Combat
 + Level 5.2 Spellcasting
 + Level 1.3 Conjurations
 + Level 1.3 Hexes
 + Level 1.3 Summonings
 + Level 1.3 Necromancy
 + Level 1.3 Translocations
 + Level 2.4 Transmutations
 + Level 1.3 Fire Magic
 + Level 1.3 Ice Magic
 + Level 1.3 Air Magic
 + Level 1.3 Earth Magic
 + Level 5.6 Poison Magic
 + Level 1.8 Invocations
 + Level 1.6 Evocations


You had 11 spell levels left.
You knew the following spells:

 Your Spells              Type           Power      Damage    Failure   Level
a - Sting                 Tmut/Pois      72%        1d6       2%          1
b - Poisonous Vapours     Pois/Air       32%        N/A       4%          2

Your spell library contained the following spells:

 Spells                   Type           Power      Damage    Failure   Level
 Mephitic Cloud           Conj/Pois/Air  13%        N/A       14%         3
 Olgreb's Toxic Radiance  Pois           23%        N/A       14%         4


Dungeon Overview and Level Annotations

Branches:
Dungeon (4/15)
 Temple: D:4-7

Altars:
The Shining One


Innate Abilities, Weirdness & Mutations

You have very sharp teeth.
Your uncanny sense of smell can sniff out nearby items.
Your experience applies equally to all skills.


Message History

Aim: a jelly (haloed, 100% to hit)
The sting hits the jelly.
The jelly partially resists.
The jelly is lightly wounded.
The jelly hits you. The acid corrodes you!
You are splashed with acid!
Casting: Sting (safe; 2% risk of failure)
Confirm with . or Enter, or press ? or * to list all spells.
Aiming: Sting (safe; 2% risk of failure)
Press: ? - help, Shift-Dir - straight line, f/p - jelly
Aim: a jelly (lightly wounded, haloed, 100% to hit)
The sting hits the jelly.
The jelly partially resists.
The jelly is lightly wounded.
The jelly misses you.
Casting: Sting (safe; 2% risk of failure)
Confirm with . or Enter, or press ? or * to list all spells.
Aiming: Sting (safe; 2% risk of failure)
Press: ? - help, Shift-Dir - straight line, f/p - jelly
Aim: a jelly (lightly wounded, haloed, 100% to hit)
The sting hits the jelly.
The jelly partially resists.
The jelly is poisoned.
The jelly is moderately wounded.
The jelly hits you.
You are splashed with acid!
* * * LOW HITPOINT WARNING * * *
Casting: Sting (safe; 2% risk of failure)
Confirm with . or Enter, or press ? or * to list all spells.
Aiming: Sting (safe; 2% risk of failure)
Press: ? - help, Shift-Dir - straight line, f/p - jelly
Aim: a jelly (moderately wounded, poisoned, haloed, 100% to hit)
The sting hits the jelly.
The jelly partially resists.
The jelly is moderately wounded.
The jelly barely misses you.
Casting: Sting (safe; 2% risk of failure)
Confirm with . or Enter, or press ? or * to list all spells.
Aiming: Sting (safe; 2% risk of failure)
Press: ? - help, Shift-Dir - straight line, f/p - jelly
Aim: a jelly (heavily wounded, poisoned, haloed, 100% to hit)
The sting hits the jelly.
The jelly partially resists.
The jelly is heavily wounded.
The jelly hits you.
* * * LOW HITPOINT WARNING * * *
You are splashed with acid.
You die...

......# #.# #o.#
......# #.### #.##
#.....######...###[#
#.....##.....#...#.#
##..#.##.....###...#
##..#.##.....# #..##
....#.##.....# #..#
###.#.##.....###..#
# #.#.##.....'.J@.#
# #.#.##.....######
# #...##.....# #
#######'####
#########.##
...........#
.).........#
.))........#
...........#


You could see a jelly (poisoned).

Vanquished Creatures
  2 orc priests
  An orc wizard (D:3)
  3 adders
  A worm (D:2)
  2 dart slugs (D:1)
  9 orcs
  4 ball pythons
  An endoplasm (D:2)
  3 giant cockroaches
  2 goblins (D:2)
  6 hobgoblins
  6 jackals
  5 kobolds
  2 quokkas
  3 bats
  2 frilled lizards
  5 rats
57 creatures vanquished.

Notes
Turn   | Place    | Note
-------+----------+-------------------------------------------
     0 | D:1      | dolemite99 the Gnoll Venom Mage began the quest for the
                  | Orb.
     0 | D:1      | Reached XP level 1. HP: 13/13 MP: 6/6
   170 | D:1      | Reached XP level 2. HP: 19/19 MP: 4/7
   521 | D:1      | Reached skill level 5 in Spellcasting
   521 | D:1      | Reached XP level 3. HP: 25/25 MP: 5/9
   815 | D:2      | Found a faded altar of an unknown god.
   890 | D:2      | Prayed at the altar of an unknown god.
   890 | D:2      | Became a worshipper of the Shining One
   890 | D:2      | Reached * piety under the Shining One
  1175 | D:2      | Reached skill level 1 in Invocations
  2083 | D:2      | Learned a level 2 spell: Poisonous Vapours
  2192 | D:2      | Reached skill level 1 in Fighting
  2192 | D:2      | Reached skill level 1 in Short Blades
  2192 | D:2      | Reached skill level 1 in Long Blades
  2192 | D:2      | Reached skill level 1 in Axes
  2192 | D:2      | Reached skill level 1 in Maces & Flails
  2192 | D:2      | Reached skill level 1 in Polearms
  2192 | D:2      | Reached skill level 1 in Staves
  2192 | D:2      | Reached skill level 1 in Ranged Weapons
  2192 | D:2      | Reached skill level 1 in Throwing
  2192 | D:2      | Reached skill level 1 in Armour
  2192 | D:2      | Reached skill level 1 in Shields
  2192 | D:2      | Reached skill level 1 in Unarmed Combat
  2192 | D:2      | Reached skill level 1 in Evocations
  2469 | D:3      | Reached XP level 4. HP: 29/32 MP: 9/11
  3196 | D:4      | Reached skill level 1 in Conjurations
  3196 | D:4      | Reached skill level 1 in Hexes
  3196 | D:4      | Reached skill level 1 in Summonings
  3196 | D:4      | Reached skill level 1 in Necromancy
  3196 | D:4      | Reached skill level 1 in Translocations
  3196 | D:4      | Reached skill level 1 in Fire Magic
  3196 | D:4      | Reached skill level 1 in Ice Magic
  3196 | D:4      | Reached skill level 1 in Air Magic
  3196 | D:4      | Reached skill level 1 in Earth Magic
  3457 | D:3      | Reached XP level 5. HP: 26/37 MP: 5/12
  4930 | D:3      | Splashed by a jelly's acid

Illustrated notes

Levels and vault maps discovered:
D:1:      amcnicky_arrival_abandoned_market, layout_basic, lemuel_flame_loot_1
D:2:      layout_basic, serial_aquarium, aquarium_bridge_square
          [aquarium_subvault_balcony, aquarium_subvault_wall,
          aquarium_subvault_bridge, aquarium_subvault_bridge],
          aquarium_window_corner, aquarium_window_fake, aquarium_window_1,
          aquarium_window_corner, aquarium_view_2a, aquarium_balcony_1b,
          aquarium_pool_side, nicolae_ecumenical_pavilion
D:3:      layout_basic, kennysheep_generic_room_13
D:4:      kennysheep_spiral_hall, layout_cave_pools, kennysheep_diamond

Skill      XL: |  1  2  3  4 |
---------------+-------------+-----
Transmutations | 2 |  2.4
Spellcasting   | 5 |  5.2
Invocations    | 1 |  1.8
Fighting       | 1 |  1.6
Short Blades   | 1 |  1.6
Long Blades    | 1 |  1.6
Axes           | 1 |  1.6
Maces & Flails | 1 |  1.6
Polearms       | 1 |  1.6
Staves         | 1 |  1.6
Ranged Weapons | 1 |  1.6
Throwing       | 1 |  1.6
Armour         | 1 |  1.6
Shields        | 1 |  1.6
Unarmed Combat | 1 |  1.6
Evocations     | 1 |  1.6
Conjurations   | 1 |  1.3
Hexes          | 1 |  1.3
Summonings     | 1 |  1.3
Necromancy     | 1 |  1.3
Translocations | 1 |  1.3
Fire Magic     | 1 |  1.3
Ice Magic      | 1 |  1.3
Air Magic      | 1 |  1.3
Earth Magic    | 1 |  1.3
Dodging        | |  4.8
Stealth        | |  4.4
Poison Magic   | |  5.6

Action                     |  1- 3 |  4- 6 || total
---------------------------+-------+-------++-------
  Melee: Dagger            |     3 |     3 ||     6
         Bite              |     1 |       ||     1
         Punch             |       |     1 ||     1
   Cast: Sting             |    74 |    47 ||   121
         Poisonous Vapours |       |     8 ||     8
    Use: Scroll            |     1 |     7 ||     8
 Armour: Robe              |     7 |    10 ||    17
  Dodge: Dodged            |    35 |    21 ||    56

Table legend: (Time is in decaauts)
 A = Elapsed time spent in this place.
 B = Non-inter-level travel time spent in this place.
 C = Inter-level travel time spent in this place.
 D = Time resting spent in this place.
 E = Time spent auto-exploring this place.
 F = Levels seen in this place.
 G = Mean time per level.
                   A        B        C        D        E       F      G
               +--------+--------+--------+--------+--------+-----+--------+
         Total |   4932 |   4840 |     92 |   2339 |   1929 |   4 | 1233.0 |
       Dungeon |   4932 |   4840 |     92 |   2339 |   1929 |   4 | 1233.0 |
               +--------+--------+--------+--------+--------+-----+--------+

Top non-repeatable levels by time:
     D:3: 1829 daAuts
     D:2: 1394 daAuts
     D:4: 855 daAuts
     D:1: 853 daAuts
